[Event "Titled Tuesday Blitz October 31 Late 2023"]
[White "Fiorito, Francisco"]
[Black "Mmukka"]
[WhiteFideId "180165"]
[WhiteElo "2612"]
[BlackElo "2482"]
[Result "1/2-1/2"]
[Round "9"]
[TimeControl "180+1"]
[Date "2023.10.31"]
[WhiteClock "0:00:11"]
[BlackClock "0:00:08"]
[Board "48"]

1. d4 d5 2. Bf4 Nf6 3. e3 e6 4. Nf3 Bd6 5. Ne5 O-O 6. Nd2 b6 7. Bd3 Ba6 8. Bxa6 Nxa6 9. Qe2 Nb8 10. c4 c5 11. dxc5 bxc5 12. Ndf3 Qa5+ 13. Qd2 Qxd2+ 14. Nxd2 Rd8 15. h3 Bxe5 16. Bxe5 Nc6 17. Bg3 Nb4 18. O-O d4 19. exd4 Rxd4 20. Nb3 Rxc4 21. Rac1 Rxc1 22. Rxc1 Nd3 23. Rc3 Nxb2 24. Rxc5 Ne4 25. Rc2 Nxg3 26. Rxb2 Ne4 27. Na5 g6 28. a4 Nc5 29. Rb4 Rc8 30. Nc4 Rc7 31. Nd6 Kf8 32. Rc4 Na6 33. Rh4 h5 34. Nb5 Rc1+ 35. Kh2 Nc5 36. Rd4 a6 37. Nc7 Nb3 38. Rd7 a5 39. Nb5 Rc4 40. Rxf7+ Kxf7 41. Nd6+ Kf6 42. Nxc4 Nc5 43. Nxa5 Nxa4 44. Nc4 Nc5 45. f4 h4 46. Ne3 Ne4 47. Kg1 g5 48. fxg5+ Kxg5 49. Kf1 Kf4 50. Ng4 Ng3+ 51. Kf2 e5 52. Ne3 Ne4+ 53. Ke2 Ng3+ 54. Kd3 e4+ 55. Kd2 Nf5 56. Nf1 e3+ 57. Kd3 Ng3 58. Nxe3 Nh5 59. Ke2 Kg3 60. Kf1 Kf4 61. Kf2 Ng3 62. Ng4 Ne4+ 63. Kg1 Kg3 64. Nh2 Kf4 65. Nf3 Kg3 66. Nd4 Kf4 67. Ne2+ Ke3 68. Nc1 Kd2 69. Nb3+ Ke3 70. Kh2 Kf4 71. Nd4 Ng3 72. Nf3 Nf5 73. Kg1 Kg3 74. Ng5 Kf4 75. Ne6+ Ke5 76. Ng5 Kf4 77. Nf3 Kg3 78. Nd2 Kf4 79. Nf1 Ke4 80. Kf2 Kf4 81. Nd2 Ng3 82. Nf3 Ne4+ 83. Kg1 Kg3 84. Nd4 Kf4 85. Ne2+ Ke3 86. Kf1 Nd2+ 87. Ke1 Ne4 88. Ng1 Kf4 89. Kf1 Ng3+ 90. Kf2 Ne4+ 91. Ke1 Kg3 92. Kf1 Nd2+ 93. Ke2 Kxg2 94. Kxd2 Kxg1 95. Ke2 Kg2 96. Ke1 Kxh3 97. Kf1 Kg3 98. Kg1 h3 99. Kh1 h2 1/2-1/2


[Site "https://www.chess.com"]

[Event "Titled Tuesday Blitz October 31 Late 2023"]
[White "Kubicka, Anna"]
[Black "Karttunen, Mika"]
[WhiteFideId "1152254"]
[BlackFideId "502081"]
[WhiteElo "2480"]
[BlackElo "2593"]
[Result "1-0"]
[Round "9"]
[TimeControl "180+1"]
[Date "2023.10.31"]
[WhiteClock "0:00:15"]
[BlackClock "0:00:08"]
[Board "49"]

1. e4 c5 2. Ne2 d6 3. g3 Nf6 4. Bg2 h5 5. h3 Nc6 6. c3 e5 7. d4 cxd4 8. cxd4 Qb6 9. d5 Nd4 10. Nxd4 exd4 11. O-O g6 12. Nd2 Bg7 13. Nc4 Qa6 14. Nxd6+ Qxd6 15. e5 Qb6 16. exf6 Bxf6 17. Re1+ Kf8 18. Bf4 Kg7 19. h4 Bg4 20. Qb3 Rac8 21. Qxb6 axb6 22. Rac1 d3 23. Be4 Be2 24. Rxc8 Rxc8 25. d6 Rc2 26. d7 Kf8 27. Bxd3 Bxd3 28. Re8+ Kg7 29. Be5 Rc1+ 30. Kh2 Be4 31. Bxf6+ Kxf6 32. d8=Q+ 1-0


[Site "https://www.chess.com"]

[Event "Titled Tuesday Blitz October 31 Late 2023"]
[White "Musovic, Armin"]
[Black "Skatchkov, Valery"]
[WhiteFideId "939935"]
[BlackFideId "24195812"]
[WhiteElo "2475"]
[BlackElo "2588"]
[Result "0-1"]
[Round "9"]
[TimeControl "180+1"]
[Date "2023.10.31"]
[WhiteClock "0:01:23"]
[BlackClock "0:01:40"]
[Board "50"]

1. e4 e5 2. Nf3 d5 3. Nxe5 Bd6 4. d4 dxe4 5. Nc4 Nc6 6. c3 Nge7 7. h4 O-O 8. h5 h6 9. Ne3 f5 10. Bc4+ Kh8 11. g3 f4 12. gxf4 Rxf4 13. Rg1 Qf8 14. Qe2 Bd7 15. Nd2 Re8 16. Ndf1 Na5 17. b4 Nxc4 18. Nxc4 Bb5 19. Bxf4 Bxf4 20. a4 Bxc4 21. Qxc4 Qf5 22. Qb5 Qf7 23. Qd7 Rf8 24. Kd1 Qb3+ 25. Ke2 Qc2+ 26. Nd2 Qxd2+ 27. Kf1 Bg5 28. Rg2 e3 29. Kg1 e2 30. Qe6 Qd1+ 31. Kh2 Qxa1 32. Qxe2 Qc1 33. Qe6 Qf4+ 34. Rg3 Qxf2+ 35. Kh3 Qf5+ 36. Qxf5 Nxf5 37. Rxg5 0-1


[Site "https://www.chess.com"]

[Event "Titled Tuesday Blitz October 31 Late 2023"]
[White "Makaraci, Tunahan"]
[Black "Chan, Luis"]
[WhiteFideId "6356559"]
[BlackFideId "3216357"]
[WhiteElo "2458"]
[BlackElo "2578"]
[Result "0-1"]
[Round "9"]
[TimeControl "180+1"]
[Date "2023.10.31"]
[WhiteClock "0:01:04"]
[BlackClock "0:00:12"]
[Board "51"]

1. e4 c5 2. c3 g6 3. d4 cxd4 4. cxd4 Bg7 5. Nc3 d5 6. exd5 Nf6 7. Nf3 O-O 8. h3 Nxd5 9. Bc4 Nxc3 10. bxc3 Qc7 11. Qe2 b5 12. Bd5 Qxc3+ 13. Qd2 Qxa1 14. Bxa8 Be6 15. O-O Qxa2 16. Qf4 b4 17. Be3 b3 18. d5 Bf5 19. Nd4 Bd3 20. d6 exd6 21. Re1 b2 22. Qxd6 b1=Q 23. Rxb1 Qxb1+ 24. Kh2 a5 25. Bd5 Qb2 26. Nf3 Be2 27. Bc5 Bxf3 28. Bxf7+ Rxf7 29. Qd8+ Bf8 30. gxf3 Qe5+ 0-1


[Site "https://www.chess.com"]

[Event "Titled Tuesday Blitz October 31 Late 2023"]
[White "UK_23"]
[Black "Ordekalog"]
[WhiteElo "2401"]
[BlackElo "2571"]
[Result "0-1"]
[Round "9"]
[TimeControl "180+1"]
[Date "2023.10.31"]
[WhiteClock "0:00:00"]
[BlackClock "0:00:23"]
[Board "52"]

1. e4 c5 2. Nf3 e6 3. g3 Nc6 4. Bg2 Nf6 5. Qe2 d6 6. O-O Be7 7. Rd1 O-O 8. d4 cxd4 9. Nxd4 Nxd4 10. Rxd4 Qb6 11. Rd1 Bd7 12. c4 Rac8 13. Nc3 a6 14. b3 Rfd8 15. Bb2 Bc6 16. Rac1 Qa7 17. h3 h6 18. Kh2 b5 19. f4 bxc4 20. bxc4 Qb7 21. Ba3 Bf8 22. Rb1 Qc7 23. Rb3 Ba8 24. c5 dxc5 25. Rxd8 Rxd8 26. Qc4 Bb7 27. Rb2 Rd4 28. Qe2 Nd7 29. Rd2 Qa5 30. Bb2 Qb4 31. h4 a5 32. h5 Ba6 33. Qf2 a4 34. a3 Qb3 35. g4 Bd6 36. Kg3 Bc7 37. Kh4 Bd8+ 38. Kh3 e5 39. f5 Bg5 40. Rxd4 cxd4 0-1


[Site "https://www.chess.com"]

[Event "Titled Tuesday Blitz October 31 Late 2023"]
[White "Howell, David W L"]
[Black "Belenkaya, Dina"]
[WhiteFideId "410608"]
[BlackFideId "24142654"]
[WhiteElo "2974"]
[BlackElo "2454"]
[Result "1-0"]
[Round "9"]
[TimeControl "180+1"]
[Date "2023.10.31"]
[WhiteClock "0:00:20"]
[BlackClock "0:00:03"]
[Board "53"]

1. e4 c6 2. Nf3 d5 3. d3 dxe4 4. dxe4 Qxd1+ 5. Kxd1 Nf6 6. Nbd2 g6 7. Ne1 h5 8. f3 h4 9. a4 Na6 10. Bxa6 bxa6 11. Nd3 Nd7 12. Nc4 Bg7 13. Bf4 Rh5 14. Ke2 Nb6 15. Nd2 Be6 16. Be3 Nc4 17. Nf4 Bxb2 18. Rab1 Nxd2 19. Bxd2 Bc4+ 20. Ke1 Rb8 21. Nxh5 gxh5 22. Kf2 Bd4+ 23. Be3 Bb6 24. a5 Bxe3+ 25. Kxe3 Rb5 26. Kd4 Be6 27. Rxb5 axb5 28. Kc5 Kd7 29. c3 Kc7 30. Rd1 h3 31. g3 f6 32. Rd4 Bb3 33. e5 f5 34. Rh4 Bf7 35. Rxh3 Bg6 36. Rh4 e6 37. Rd4 Bf7 38. Rd6 Bg8 39. Rxc6+ 1-0


[Site "https://www.chess.com"]

[Event "Titled Tuesday Blitz October 31 Late 2023"]
[White "Buchenau, Frank"]
[Black "Hambleton, Aman"]
[WhiteFideId "4604350"]
[BlackFideId "2606577"]
[WhiteElo "2490"]
[BlackElo "2764"]
[Result "1-0"]
[Round "9"]
[TimeControl "180+1"]
[Date "2023.10.31"]
[WhiteClock "0:01:04"]
[BlackClock "0:00:00"]
[Board "54"]

1. e4 e5 2. Bc4 Nf6 3. d3 Nc6 4. Nf3 h6 5. O-O d6 6. c3 g5 7. Re1 g4 8. Nfd2 Bg7 9. Nf1 a6 10. Bb3 O-O 11. Ng3 d5 12. exd5 Nxd5 13. Nh5 Be6 14. Nxg7 Kxg7 15. Nd2 Qd7 16. Ne4 b6 17. Ng3 Nf6 18. Bxe6 Qxe6 19. d4 Rad8 20. Qc2 Qd5 21. Nf5+ Kh8 22. Bxh6 Rg8 23. Rad1 exd4 24. Nxd4 Nxd4 25. Rxd4 Qh5 26. Rxd8 Rxd8 27. Bf4 Nd5 28. Rd1 Qf5 29. Qxf5 1-0


[Site "https://www.chess.com"]

[Event "Titled Tuesday Blitz October 31 Late 2023"]
[White "Djokic, Mihailo"]
[Black "Czerw, Dawid"]
[WhiteFideId "976440"]
[BlackFideId "1145746"]
[WhiteElo "2712"]
[BlackElo "2485"]
[Result "1-0"]
[Round "9"]
[TimeControl "180+1"]
[Date "2023.10.31"]
[WhiteClock "0:00:43"]
[BlackClock "0:00:00"]
[Board "55"]

1. e4 c5 2. Nf3 g6 3. d4 cxd4 4. Nxd4 Nc6 5. Nc3 Bg7 6. Be3 Nf6 7. Bc4 O-O 8. Bb3 Re8 9. O-O d6 10. h3 Bd7 11. Re1 Nxd4 12. Bxd4 Bc6 13. Qd3 Qa5 14. Rad1 Rac8 15. Nd5 Bxd5 16. exd5 Nd7 17. Bxg7 Kxg7 18. Re3 Nc5 19. Qd4+ f6 20. Rde1 Rc7 21. h4 Nxb3 22. axb3 Kf7 23. c4 b5 24. h5 Qb4 25. hxg6+ hxg6 26. Qh4 Kg7 27. R1e2 bxc4 28. bxc4 Qb7 29. Rh3 Rg8 30. b3 a5 31. Ree3 Kf8 32. Rhf3 g5 33. Qh6+ Kf7 34. Re6 Rg6 35. Qh7+ Rg7 36. Qh5+ Rg6 37. Qh8 a4 38. bxa4 Rxc4 39. Rh3 Rh4 40. Rxh4 gxh4 41. Qh7+ Rg7 42. Qh5+ Kf8 43. Kh2 Qb4 44. Qh8+ Kf7 45. Qh5+ Kf8 46. Qh8+ Kf7 47. Rxe7+ Kxe7 48. Qxg7+ Ke8 49. Qg8+ Kd7 50. Qf7+ Kd8 51. Qxf6+ Kc7 52. Qe7+ Kb6 53. Qd8+ Kc5 54. Qg5 Qxa4 55. f4 Qe4 56. Qxh4 Kxd5 57. Qg5+ Kc4 58. f5 d5 59. f6 Qe6 60. Qf4+ Kc5 61. f7 1-0


[Site "https://www.chess.com"]

[Event "Titled Tuesday Blitz October 31 Late 2023"]
[White "Mystery2007"]
[Black "Gubajdullin, Alexei"]
[BlackFideId "4141202"]
[WhiteElo "2483"]
[BlackElo "2686"]
[Result "0-1"]
[Round "9"]
[TimeControl "180+1"]
[Date "2023.10.31"]
[WhiteClock "0:01:54"]
[BlackClock "0:02:11"]
[Board "56"]

1. Nf3 Nf6 2. b3 g6 3. Bb2 Bg7 4. d3 O-O 5. e4 d6 6. Nbd2 c5 7. g3 Nc6 8. Bg2 Bg4 9. O-O Nd7 10. Bxg7 Kxg7 11. h3 Bxf3 12. Nxf3 Nde5 13. Nxe5 dxe5 14. Kh2 a5 15. a4 Qd4 16. f4 f6 17. f5 g5 18. Qh5 Rad8 19. h4 gxh4 20. gxh4 Kh8 21. Bf3 Rg8 22. Rg1 Qf2+ 23. Kh1 Nd4 24. Rgf1 Qg3 25. Rae1 Qh3# 0-1


[Site "https://www.chess.com"]

[Event "Titled Tuesday Blitz October 31 Late 2023"]
[White "Willy, Stephen"]
[Black "Burke, Carol Ann"]
[WhiteFideId "30981468"]
[BlackFideId "11104643"]
[WhiteElo "2484"]
[BlackElo "2682"]
[Result "0-1"]
[Round "9"]
[TimeControl "180+1"]
[Date "2023.10.31"]
[WhiteClock "0:00:02"]
[BlackClock "0:00:09"]
[Board "57"]

1. e4 c5 2. c3 Nf6 3. e5 Nd5 4. d4 cxd4 5. Nf3 e6 6. Bc4 b6 7. cxd4 Bb7 8. O-O d6 9. Qe2 Nd7 10. Nc3 Nxc3 11. bxc3 Rc8 12. d5 Rxc4 13. dxe6 Re4 14. exf7+ Ke7 15. Bg5+ Nf6 16. exf6+ gxf6 17. Qd2 Kxf7 18. Bf4 h5 19. Nd4 h4 20. h3 Qd7 21. Rfe1 Rg8 22. f3 Rxe1+ 23. Rxe1 Qxh3 24. Ne6 Qf5 25. Nd8+ Kg6 26. Nxb7 h3 27. g4 Kh7 28. Re8 d5 29. Rxf8 Qb1+ 30. Qc1 Qxc1+ 31. Bxc1 Rxf8 32. Nd6 Rd8 33. Nf5 Rc8 34. Bd2 Rc4 35. Kh2 Ra4 36. Kg3 Rxa2 37. Bf4 h2 0-1


[Site "https://www.chess.com"]

[Event "Titled Tuesday Blitz October 31 Late 2023"]
[White "Tokhirjonova, Gulrukhbegim"]
[Black "Mazurkiewicz, Michal"]
[WhiteFideId "14203626"]
[BlackFideId "1124943"]
[WhiteElo "2673"]
[BlackElo "2456"]
[Result "0-1"]
[Round "9"]
[TimeControl "180+1"]
[Date "2023.10.31"]
[WhiteClock "0:01:46"]
[BlackClock "0:00:55"]
[Board "58"]

1. c4 Nf6 2. b3 g6 3. Bb2 Bg7 4. g3 O-O 5. Bg2 d6 6. e4 e5 7. Ne2 c5 8. Nbc3 Nc6 9. Nd5 Nxd5 10. cxd5 Nd4 11. Bxd4 cxd4 12. O-O f5 13. d3 f4 14. f3 h5 15. Qd2 Bh6 16. Rac1 Kh7 17. gxf4 Bxf4 18. Nxf4 Rxf4 19. Qc2 Qg5 20. Qc7+ Kh6 21. Qxd6 Bh3 22. Rc2 Rc8 23. Rxc8 Qxg2# 0-1


[Site "https://www.chess.com"]

[Event "Titled Tuesday Blitz October 31 Late 2023"]
[White "Jovic, Stanoje"]
[Black "Janaszak, Dawid"]
[WhiteFideId "905020"]
[BlackFideId "1119206"]
[WhiteElo "2438"]
[BlackElo "2663"]
[Result "0-1"]
[Round "9"]
[TimeControl "180+1"]
[Date "2023.10.31"]
[WhiteClock "0:00:00"]
[BlackClock "0:00:56"]
[Board "59"]

1. c4 e6 2. d4 d5 3. Nf3 c5 4. Nc3 Nc6 5. dxc5 d4 6. Ne4 Nf6 7. Nd6+ Bxd6 8. cxd6 Qxd6 9. g3 e5 10. Bg2 O-O 11. O-O h6 12. b3 Bf5 13. Bb2 Rfe8 14. Rc1 Rad8 15. a3 a5 16. Qd2 Ne4 17. Qe1 Nc5 18. b4 Na4 19. c5 Qe6 20. Ba1 axb4 21. axb4 Qb3 22. Nd2 Qxb4 23. Rc4 Qb5 24. Qc1 Na5 25. Rxa4 Qxa4 26. f4 e4 27. g4 e3 28. gxf5 exd2 29. Qxd2 Nb3 30. Qc2 Qa3 31. Bb2 Qa2 32. f6 Nxc5 33. Ra1 Qb3 34. Qxc5 Qxb2 35. Re1 Rxe2 36. Rxe2 Qxe2 37. fxg7 d3 38. Bf1 Qg4+ 0-1


[Site "https://www.chess.com"]

[Event "Titled Tuesday Blitz October 31 Late 2023"]
[White "Mindhunter08"]
[Black "Al-Tarboush, Ward"]
[BlackFideId "7601450"]
[WhiteElo "2438"]
[BlackElo "2648"]
[Result "1-0"]
[Round "9"]
[TimeControl "180+1"]
[Date "2023.10.31"]
[WhiteClock "0:00:06"]
[BlackClock "0:00:04"]
[Board "60"]

1. e4 c5 2. Nf3 Nc6 3. Bb5 e6 4. Bxc6 bxc6 5. b3 f6 6. Ba3 Nh6 7. d4 cxd4 8. Bxf8 Kxf8 9. Qxd4 Nf7 10. Nbd2 e5 11. Qe3 d6 12. O-O Be6 13. Rad1 Ke7 14. c4 Qb6 15. Qc3 g5 16. Ne1 g4 17. Nc2 Ng5 18. Ne3 Rag8 19. Qd3 h5 20. Rfe1 h4 21. Ndf1 c5 22. Nf5+ Bxf5 23. exf5 h3 24. Ne3 Qc6 25. Nd5+ Kf7 26. a3 hxg2 27. Kxg2 Nf3 28. Rh1 Rh3 29. Qe4 Rgh8 30. Qxg4 Nd4 31. Qg6+ Kf8 32. Qxf6+ Kg8 33. Kf1 Nxf5 34. Qg6+ Kf8 35. Qxf5+ Ke8 36. Qe6+ Kd8 37. Qe7+ Kc8 38. Rg1 Rxh2 39. Rg7 Rh1+ 40. Ke2 Rxd1 41. Kxd1 Re8 42. Qxa7 e4 43. Rc7+ Kd8 44. Qb8# 1-0


[Site "https://www.chess.com"]

[Event "Titled Tuesday Blitz October 31 Late 2023"]
[White "Schwabeneder, Florian"]
[Black "Polaczek, Richard"]
[WhiteFideId "1626191"]
[BlackFideId "200026"]
[WhiteElo "2633"]
[BlackElo "2437"]
[Result "1-0"]
[Round "9"]
[TimeControl "180+1"]
[Date "2023.10.31"]
[WhiteClock "0:02:01"]
[BlackClock "0:00:27"]
[Board "61"]

1. e4 Nf6 2. e5 Nd5 3. d4 d6 4. exd6 cxd6 5. Bc4 Nb6 6. Bb3 g6 7. Nf3 Bg7 8. O-O O-O 9. Re1 Nc6 10. Bg5 h6 11. Bh4 Re8 12. c3 Bf5 13. Nbd2 Na5 14. Nf1 Nxb3 15. axb3 Nd5 16. h3 a6 17. b4 b5 18. Ne3 Nxe3 19. Rxe3 Qc7 20. Qe2 g5 21. Bg3 Qb7 22. Bxd6 e6 23. Be5 f6 24. Bh2 Qd5 25. Nd2 Qc6 26. Nb3 Qd5 27. Nc5 Qc6 28. Re1 e5 29. dxe5 1-0


[Site "https://www.chess.com"]

[Event "Titled Tuesday Blitz October 31 Late 2023"]
[White "Kochiev, Ivan"]
[Black "Ankerst, Mihael"]
[WhiteFideId "2917890"]
[BlackFideId "14602369"]
[WhiteElo "2577"]
[BlackElo "2435"]
[Result "0-1"]
[Round "9"]
[TimeControl "180+1"]
[Date "2023.10.31"]
[WhiteClock "0:00:37"]
[BlackClock "0:02:10"]
[Board "62"]

1. e4 c5 2. Nf3 Qb6 3. d4 cxd4 4. Nxd4 Nf6 5. f3 e5 6. Nb3 Bb4+ 7. c3 Be7 8. Bd3 d5 9. exd5 Nxd5 10. Qe2 O-O 11. Qxe5 Be6 12. N1d2 Nc6 13. Qe4 Nf6 14. Qe2 Rfe8 15. Ne4 Nd5 16. c4 Ndb4 17. Be3 Nxd3+ 18. Qxd3 Nb4 19. Bxb6 Nxd3+ 20. Kf1 axb6 0-1


[Site "https://www.chess.com"]

[Event "Titled Tuesday Blitz October 31 Late 2023"]
[White "Hoffmann, Asa"]
[Black "Przybylski, Wojciech"]
[WhiteFideId "2001470"]
[BlackFideId "1117599"]
[WhiteElo "2420"]
[BlackElo "2570"]
[Result "0-1"]
[Round "9"]
[TimeControl "180+1"]
[Date "2023.10.31"]
[WhiteClock "0:00:26"]
[BlackClock "0:01:11"]
[Board "63"]

1. d4 Nf6 2. Bg5 e6 3. Nd2 h6 4. Bh4 g5 5. Bg3 Bd6 6. e4 Bxg3 7. hxg3 d6 8. Ngf3 Nc6 9. c3 e5 10. d5 Ne7 11. Nxg5 Bg4 12. f3 Rg8 13. Nh3 Bd7 14. g4 c5 15. Nc4 Qc7 16. a4 O-O-O 17. Nf2 Ng6 18. Rxh6 Be8 19. Qd2 Qe7 20. a5 Nf4 21. g3 Ng6 22. Bd3 Qf8 23. a6 b6 24. Nxb6+ axb6 25. a7 Kb7 26. Qd1 Qxh6 27. a8=Q+ Rxa8 28. Rxa8 Kxa8 29. Qa1+ Kb8 30. Qa6 Qe3+ 31. Kf1 Nd7 32. Bb5 Kc7 33. g5 Qxf3 34. Qa7+ Kd8 35. Bxd7 Bxd7 36. Qb8+ Ke7 37. Qxg8 Qxg3 38. Qg7 Qxg5 0-1


[Site "https://www.chess.com"]

[Event "Titled Tuesday Blitz October 31 Late 2023"]
[White "Lopez Idarraga, Daniel Eduardo"]
[Black "Shapiro, Viktor"]
[WhiteFideId "4405501"]
[BlackFideId "4175700"]
[WhiteElo "2414"]
[BlackElo "2563"]
[Result "1/2-1/2"]
[Round "9"]
[TimeControl "180+1"]
[Date "2023.10.31"]
[WhiteClock "0:00:18"]
[BlackClock "0:00:27"]
[Board "64"]

1. d4 Nf6 2. c4 c5 3. d5 e6 4. Nc3 exd5 5. cxd5 d6 6. e4 g6 7. f4 Bg7 8. Bb5+ Nfd7 9. a4 O-O 10. Nf3 a6 11. Bd3 Re8 12. O-O Nf6 13. Re1 Bg4 14. h3 Bxf3 15. Qxf3 Nbd7 16. a5 b5 17. axb6 Qxb6 18. Na4 Qb4 19. Re2 c4 20. Bd2 Qb3 21. Bb1 Qxf3 22. gxf3 Nxd5 23. Ba2 N5b6 24. Nxb6 Nxb6 25. Ba5 Bd4+ 26. Kg2 d5 27. Rd1 Bc5 28. Bxb6 Bxb6 29. Rxd5 Rac8 30. Rc2 Be3 31. f5 Rb8 32. Bxc4 Rec8 33. Rd7 gxf5 34. exf5 Kh8 35. Rxf7 Bd4 36. b3 Rc6 37. f4 a5 38. Rd2 Be3 39. Rdd7 Rh6 40. Kg3 Rg8+ 41. Kf3 Rxh3+ 42. Ke4 Re8+ 43. Rfe7 Rf8 44. f6 Bc5 45. Re5 Bb4 46. Rg5 Rh6 47. f7 Rg6 48. Kf5 Kg7 49. Kg4 Rc8 50. Rxg6+ hxg6 51. Kg5 Bf8 52. f5 Rc5 53. Rd5 Rxd5 54. Bxd5 gxf5 55. Kxf5 Be7 56. Bc4 Kf8 57. Ke4 Bb4 58. Kd5 Kxf7 59. Kc6+ Kf6 60. Kb5 Ke5 61. Ka4 Kd4 62. Bg8 Kc3 63. Bh7 Kd4 64. Bg8 Kc3 65. Bh7 Kd4 66. Bg8 1/2-1/2


[Site "https://www.chess.com"]

[Event "Titled Tuesday Blitz October 31 Late 2023"]
[White "Blomqvist, Erik"]
[Black "Gerbelli Neto, Eduardo"]
[WhiteFideId "1709437"]
[BlackFideId "2103281"]
[WhiteElo "2553"]
[BlackElo "2412"]
[Result "1-0"]
[Round "9"]
[TimeControl "180+1"]
[Date "2023.10.31"]
[WhiteClock "0:00:58"]
[BlackClock "0:00:06"]
[Board "65"]

1. e4 e5 2. Nf3 Nc6 3. Bb5 a6 4. Ba4 d6 5. O-O Bg4 6. d4 b5 7. d5 Nd4 8. Bb3 Nxf3+ 9. gxf3 Bh3 10. Re1 Qf6 11. Kh1 Ne7 12. Rg1 h6 13. Rg3 Bd7 14. a4 b4 15. c3 bxc3 16. Nxc3 Ng6 17. a5 Be7 18. Ba4 Bxa4 19. Qxa4+ Kf8 20. Qc6 Rd8 21. Qxa6 Nh4 22. Qe2 g5 23. a6 Ra8 24. b4 Qg6 25. b5 f5 26. exf5 Nxf5 27. Rg4 Nd4 28. Qe4 Qf7 29. Be3 Nxf3 30. Rg3 Kg8 31. Rxf3 1-0


[Site "https://www.chess.com"]

[Event "Titled Tuesday Blitz October 31 Late 2023"]
[White "Dmitrenko, Viktor"]
[Black "Aldokhin, Ivan"]
[WhiteFideId "14110270"]
[BlackFideId "24115720"]
[WhiteElo "2385"]
[BlackElo "2547"]
[Result "0-1"]
[Round "9"]
[TimeControl "180+1"]
[Date "2023.10.31"]
[WhiteClock "0:00:00"]
[BlackClock "0:00:57"]
[Board "66"]

1. e4 c5 2. Nc3 e6 3. g3 b6 4. Bg2 Bb7 5. Nge2 Nf6 6. O-O d6 7. Re1 Nbd7 8. d4 cxd4 9. Nxd4 Qb8 10. a4 a6 11. g4 h6 12. h3 Be7 13. g5 hxg5 14. Bxg5 O-O 15. Re3 Ne5 16. Rg3 Qc7 17. Qd2 Nc4 18. Qe2 g6 19. Bh6 Rfe8 20. Nxe6 fxe6 21. Rxg6+ Kh8 22. Bg5 Nh7 23. Bxe7 Rxe7 24. Qh5 Ne5 25. Rh6 Rg7 26. f4 Nf7 27. Rxe6 Rag8 0-1


[Site "https://www.chess.com"]

[Event "Titled Tuesday Blitz October 31 Late 2023"]
[White "Avazkhonov, Alikhon"]
[Black "Szente Varga, Fruzsina"]
[WhiteFideId "14208504"]
[BlackFideId "712264"]
[WhiteElo "2527"]
[BlackElo "2332"]
[Result "1-0"]
[Round "9"]
[TimeControl "180+1"]
[Date "2023.10.31"]
[WhiteClock "0:00:27"]
[BlackClock "0:00:08"]
[Board "67"]

1. d4 Nf6 2. c4 g6 3. Nc3 Bg7 4. e4 d6 5. Be2 O-O 6. Be3 e5 7. d5 Nbd7 8. g4 Nc5 9. f3 a5 10. h4 Nfd7 11. Qd2 Nb6 12. h5 Qe7 13. Nh3 f6 14. Nf2 g5 15. h6 Bh8 16. O-O-O Nba4 17. Nb5 Rf7 18. b3 Nb6 19. Bxc5 dxc5 20. d6 cxd6 21. Qxd6 Qxd6 22. Rxd6 Nd7 23. Rhd1 Nf8 24. Rd8 b6 25. Nd6 Rc7 26. Ne8 Rca7 27. R1d6 a4 28. Nxf6+ Kf7 29. Nxh7 Nxh7 30. Rxh8 axb3 31. Rxh7+ Kg8 32. Rxa7 Rxa7 33. axb3 Bd7 34. Nd3 1-0


[Site "https://www.chess.com"]

[Event "Titled Tuesday Blitz October 31 Late 2023"]
[White "D`Arruda, Ricardo D."]
[Black "Florianovitz, Derlei Alex"]
[WhiteFideId "100692"]
[BlackFideId "2114178"]
[WhiteElo "2517"]
[BlackElo "2287"]
[Result "1/2-1/2"]
[Round "9"]
[TimeControl "180+1"]
[Date "2023.10.31"]
[WhiteClock "0:00:39"]
[BlackClock "0:00:06"]
[Board "68"]

1. d4 Nf6 2. Nf3 d5 3. c4 e6 4. Nc3 Be7 5. e3 c6 6. Bd3 O-O 7. O-O Nbd7 8. e4 dxe4 9. Nxe4 Nxe4 10. Bxe4 Nf6 11. Bc2 h6 12. Bf4 c5 13. Qe2 cxd4 14. Rad1 Qb6 15. b3 Bd7 16. Be5 Bc6 17. Nxd4 Rfd8 18. Nxc6 Qxc6 19. h3 Rxd1 20. Rxd1 Rd8 21. Rxd8+ Bxd8 22. Qd3 Qd7 23. Qe3 b6 24. Qf3 Qc8 25. Bd3 Nd7 26. Bd6 Bf6 27. Qe4 g6 28. Qe3 Kg7 29. Be4 Nc5 30. Bf3 Nb7 31. Be5 Bxe5 32. Qxe5+ Kh7 33. g3 Qd7 34. h4 h5 35. g4 hxg4 36. Bxg4 Nd6 37. h5 Nf5 38. hxg6+ Kxg6 39. Bxf5+ exf5 40. b4 Qd1+ 41. Kg2 Qg4+ 42. Qg3 Kf6 43. Qxg4 fxg4 44. Kg3 Ke5 45. Kxg4 Kd4 46. c5 bxc5 47. bxc5 Kxc5 48. Kf5 Kb4 49. Kf6 Ka3 50. Kxf7 a5 51. f4 a4 52. f5 Kxa2 53. f6 Kb2 54. Ke7 a3 55. f7 a2 56. f8=Q a1=Q 57. Qh8+ Ka2 58. Qxa1+ Kxa1 1/2-1/2


[Site "https://www.chess.com"]

[Event "Titled Tuesday Blitz October 31 Late 2023"]
[White "Santos Flores, Alberto"]
[Black "Osmonbekov, Talaibek"]
[WhiteFideId "3601234"]
[BlackFideId "2017253"]
[WhiteElo "2497"]
[BlackElo "2272"]
[Result "1/2-1/2"]
[Round "9"]
[TimeControl "180+1"]
[Date "2023.10.31"]
[WhiteClock "0:00:14"]
[BlackClock "0:00:24"]
[Board "69"]

1. e4 c5 2. Nf3 d6 3. Bb5+ Bd7 4. Bxd7+ Qxd7 5. c4 Nc6 6. d4 cxd4 7. Nxd4 Nf6 8. Nc3 g6 9. f3 Bg7 10. Be3 O-O 11. b3 Rac8 12. O-O a6 13. a4 Qc7 14. Qd2 Nd7 15. Nd5 Qd8 16. Rac1 Nc5 17. Rb1 e6 18. Nc3 Qd7 19. Rfd1 Rfd8 20. a5 Nxa5 21. Qa2 Nc6 22. b4 Nxd4 23. Bxd4 Bxd4+ 24. Rxd4 Qc7 25. bxc5 Qxc5 26. Qf2 e5 27. Rdd1 Qxf2+ 28. Kxf2 Rxc4 29. Nd5 b5 30. Rdc1 Kf8 31. Rxc4 bxc4 32. Ke3 Rc8 33. Kd2 Rc6 34. Kc3 a5 35. Rb6 Rc5 36. Rxd6 Rb5 37. Rd8+ Kg7 38. Ra8 Rb3+ 39. Kxc4 Rb2 40. Ne3 Re2 41. Kd3 Ra2 42. h4 h5 43. g3 a4 44. Nc4 Rg2 45. Ke3 f6 46. Rxa4 Rxg3 47. Ra7+ Kg8 48. Kf2 Rh3 49. Ra1 Rxh4 50. Kg3 Rf4 51. Nd6 h4+ 52. Kg2 Kg7 53. Rh1 Kh6 54. Ne8 Kg5 55. Rh2 f5 56. exf5 gxf5 57. Rh1 e4 58. fxe4 fxe4 59. Nd6 Kg4 60. Re1 h3+ 61. Kg1 Kf3 62. Rf1+ Kg3 63. Rxf4 Kxf4 64. Nxe4 Kxe4 65. Kh2 Kf4 66. Kxh3 1/2-1/2


[Site "https://www.chess.com"]

[Event "Titled Tuesday Blitz October 31 Late 2023"]
[White "Curtis, John"]
[Black "Molenda, Marcin"]
[WhiteFideId "3200256"]
[BlackFideId "1173065"]
[WhiteElo "2190"]
[BlackElo "2493"]
[Result "0-1"]
[Round "9"]
[TimeControl "180+1"]
[Date "2023.10.31"]
[WhiteClock "0:00:21"]
[BlackClock "0:00:24"]
[Board "70"]

1. c4 g6 2. g3 Bg7 3. Bg2 Nf6 4. Nf3 O-O 5. O-O d6 6. Nc3 e5 7. d4 exd4 8. Nxd4 Nbd7 9. b3 Nc5 10. Bb2 a6 11. Qd2 Re8 12. f3 Ne6 13. Nxe6 Bxe6 14. e4 Nd7 15. Rac1 a5 16. Nd5 Bxd5 17. Bxg7 Kxg7 18. exd5 Qf6 19. f4 Nc5 20. Rfe1 h5 21. h4 b6 22. Kh2 Qf5 23. Rcd1 Qf6 24. Re3 Kf8 25. Rde1 Rxe3 26. Qxe3 Kg7 27. Re2 Rd8 28. Bh3 Rf8 29. Rf2 Qa1 30. Re2 f5 31. Bg2 Qf6 32. Qd2 Rf7 33. Qe1 Qd4 34. Re7 Ne4 35. Rxf7+ Kxf7 36. Bxe4 fxe4 37. Qe2 Kf6 38. Kg2 Kf5 39. g4+ hxg4 40. Kg3 Qd3+ 41. Qe3 Qxe3+ 0-1


[Site "https://www.chess.com"]